 Seeded DCSS version 0.30.1-4-g462c640d31 (webtiles) character file.

Game seed: 17820298306382725646 (custom seed)

108 kingsuperguy the Chopper (level 4, -10/45 HPs)
             Began as a Troll Monk on Sept 1, 2023.
             Mangled by a komodo dragon (26 damage)
             ... on level 8 of the Dungeon.
             The game lasted 00:02:53 (2065 turns).

kingsuperguy the Chopper (Troll Monk)               Turns: 2065, Time: 00:02:54

Health: -10/45     AC:  4    Str: 27    XL:     4   Next: 58%
Magic:  3/3        EV: 10    Int:  6    God:
Gold:   155        SH:  0    Dex: 12    Spells: 3/3 levels left

rFire   . . .        a - +0 hand axe
rCold   . . .        d - orb {light}
rNeg    . . .        b - +0 robe
rPois   .            (helmet restricted)
rElec   .            (no cloak)
rCorr   .            (gloves unavailable)
SInv    .            (boots unavailable)
Will    .....        (no amulet)
Stlth   +            f - +6 ring of strength
HPRegen 1.07/turn    (no ring)
MPRegen 0.08/turn

%: no passive effects
@: glowing
A: large, unfitting armour, claws 3, regeneration 1, shaggy fur 1, tough skin 1
a: no special abilities


You were on level 8 of the Dungeon.
You visited 1 branch of the dungeon, and saw 7 of its levels.

You collected 155 gold pieces.

Inventory:

Hand Weapons
 a - a +0 hand axe (weapon)
Armour
 b - a +0 robe (worn)
 d - an orb of light (worn)
Jewellery
 f - a +6 ring of strength (left claw)
 o - an amulet of reflection
Wands
 q - a wand of light (4)
Scrolls
 g - 5 scrolls of identify {unknown}
 i - 2 scrolls of poison {unknown}
 k - 3 scrolls of teleportation {unknown}
 l - a scroll of enchant weapon {unknown}
 p - 2 scrolls of enchant armour {unknown}
Potions
 c - a potion of ambrosia
 e - 2 potions of might {unknown}
 h - 2 potions of magic {unknown}
 j - 2 potions of attraction {unknown}
 m - a potion of curing {unknown}
 n - a potion of heal wounds {unknown}
 r - a potion of degeneration {unknown}


   Skills:
 + Level 3.0 Fighting
 + Level 3.7 Axes
 + Level 2.9 Dodging
 + Level 0.1 Stealth


You had 3 spell levels left.
You didn't know any spells.
Your spell library contained the following spells:

 Spells                   Type           Power      Damage    Failure   Level
 Lesser Beckoning         Tloc           0%         N/A       58%         2
 Poisonous Vapours        Pois/Air       0%         N/A       58%         2
 Gell's Gravitas          Tloc           0%         N/A       83%         3
 Mephitic Cloud           Conj/Pois/Air  0%         N/A       83%         3
 Teleport Other           Tloc           0%         N/A       83%         3
 Freezing Cloud           Conj/Ice/Air   0%         6-21      100%        5


Dungeon Overview and Level Annotations

Branches:
Dungeon (8/15)
 Temple: D:4-7         Lair: D:8-11

Altars:
Ashenzari
Cheibriados
Sif Muna
Vehumet


Innate Abilities, Weirdness & Mutations

You are too large for most types of armour.
You have claws for hands.
Your natural rate of healing is unusually fast.
You are covered in fur. (AC +1)
You have tough skin. (AC +1)


Message History

2 gnoll sergeants come into view.
A gnoll sergeant is wielding a +1 spear of flaming.
A gnoll sergeant is wielding a +2 trident of venom.
Found a hand axe.
The gnoll sergeant shouts!
You hear a shout!
A gnoll comes into view. It is wielding a +0 spear.
Found a hand axe.
There is an escape hatch in the floor here.
You can't go up here!
You slide downwards.
The hatch slams shut behind you.
You hear the roar of battle.
There is an entrance to a bailey on this level.
Hurry and find it before the portal closes forever!
Found a stone staircase leading up.
A komodo dragon comes into view.
The komodo dragon hisses angrily.
The komodo dragon barely misses you.
The komodo dragon attacks as you move away!
The komodo dragon bites you!! The komodo dragon bites you.
There is a stone staircase leading up here.
Aiming: Bolt of Light
Press: ? - help, Q - select action Shift-Dir - straight line, f - komodo dragon
Aim: a komodo dragon (haloed, 86% to hit)
The bolt of light hits the komodo dragon!
The komodo dragon is moderately wounded.
The komodo dragon is blinded.
The komodo dragon barely misses you.
Aiming: Bolt of Light
Press: ? - help, Q - select action Shift-Dir - straight line, f/p - komodo dragon
Aim: a komodo dragon (moderately wounded, blind, haloed, 86% to hit)
The bolt of light hits the komodo dragon!
The komodo dragon is heavily wounded.
The komodo dragon barely misses you.
You hit the komodo dragon but do no damage.
The komodo dragon is heavily wounded.
The komodo dragon bites you!
You hit the komodo dragon but do no damage.
The komodo dragon is heavily wounded.
The komodo dragon bites you!!
Ouch! That really hurt!
You die...

#.....+ #.....#
#.....# #.....#
##+##.....##+##
..............#
..............#
.......@......#
........l.....#
..............#
######........#
#........#
#........###+####
#...............#
#...............#
+...............#


You could see a komodo dragon (blind).

Vanquished Creatures
  An iguana (D:3)
  3 adders
  A shadow imp (D:7)
  2 worms
  2 endoplasms (D:1)
  3 giant cockroaches
  3 goblins
  5 hobgoblins
  4 quokkas
  2 ball pythons (D:1)
  4 bats
  3 frilled lizards (D:1)
  7 kobolds
  5 rats
45 creatures vanquished.

Vanquished Creatures (others)
  An ufetubus (D:6)
1 creature vanquished.

Grand Total: 46 creatures vanquished

Notes
Turn   | Place    | Note
-------+----------+-------------------------------------------
     0 | D:1      | kingsuperguy the Troll Monk began the quest for the Orb.
     0 | D:1      | Reached XP level 1. HP: 22/22 MP: 0/0
   100 | D:1      | Reached XP level 2. HP: 29/29 MP: 1/1
   763 | D:2      | Reached XP level 3. HP: 27/36 MP: 2/2
  1165 | D:3      | Found a radiant altar of Vehumet.
  1168 | D:3      | Found a broken altar of Ashenzari.
  1171 | D:3      | Found a snail-covered altar of Cheibriados.
  1174 | D:3      | Found a shimmering blue altar of Sif Muna.
  1576 | D:3      | Reached XP level 4. HP: 35/44 MP: 3/3
  1975 | D:4      | You fall into a shaft and drop 3 floors!
  1985 | D:6      | Noticed a steam dragon
  2049 | D:7      | Noticed a gnoll sergeant
  2049 | D:7      | Noticed a gnoll sergeant
  2056 | D:8      | Noticed a komodo dragon
  2065 | D:8      | Mangled by a komodo dragon

Illustrated notes

Levels and vault maps discovered:
D:1:      dpeg_arrival_round_c, layout_basic
D:2:      layout_rooms
D:3:      layout_loops_cross, grunt_temple_overflow_cloverleaf
D:4:      minmay_door_path, layout_rooms, nicolae_take_the_stairs
D:6:      layout_rooms, temple_green, st_stairs_4, minmay_fractal_squares_5,
          uniq_pikel, uniq_blork_the_orc, uniq_grinder
D:7:      layout_loops_ring, nzn_hepliaklqana_mist_gate,
          pf_guarded_unrand_woodcutter
D:8:      layout_gridville, enter_bailey_2

Skill      XL: |  1  2  3  4 |
---------------+-------------+-----
Axes           | 3 |  3.7
Fighting       | 3 |  3.0
Dodging        | |  2.9
Stealth        | |  0.1

Action                     |  1- 3 |  4- 6 || total
---------------------------+-------+-------++-------
  Melee: Hand axe          |   113 |    17 ||   130
  Evoke: Wand              |       |     2 ||     2
 Armour: Robe              |    35 |     5 ||    40
  Dodge: Dodged            |    55 |     9 ||    64
